 Dungeon Crawl Stone Soup version 0.30.1-4-g462c640d31 (webtiles) character file.

Game seed: 2136272624266688063

28 growler the Chopper (level 3, 26/28 HPs)
             Began as a Demonspawn Gladiator on Aug 21, 2023.
             Quit the game on level 2 of the Dungeon.
             The game lasted 00:01:16 (988 turns).

growler the Chopper (Demonspawn Gladiator)           Turns: 988, Time: 00:01:16

Health: 26/28      AC:  6    Str: 14    XL:     3   Next: 0%
Magic:  3/3        EV: 12    Int: 11    God:
Gold:   130        SH:  0    Dex: 14    Spells: 2/2 levels left

rFire   . . .        a - +0 war axe
rCold   . . .        (no shield)
rNeg    . . .        b - +0 leather armour
rPois   .            c - +0 helmet
rElec   .            (no cloak)
rCorr   .            (no gloves)
SInv    .            (no boots)
Will    .....        (no amulet)
Stlth   +            (no ring)
HPRegen 0.24/turn    (no ring)
MPRegen 0.08/turn

%: no passive effects
@: no status effects
A: yellow scales 1, powered by pain 1
a: no special abilities


You were on level 2 of the Dungeon.
You visited 1 branch of the dungeon, and saw 2 of its levels.

You collected 130 gold pieces.

Inventory:

Hand Weapons
 a - a +0 war axe (weapon)
Missiles
 d - 3 throwing nets (quivered)
 e - a javelin
Armour
 b - a +0 leather armour (worn)
 c - a +0 helmet (worn)
 n - a +0 pair of boots
Jewellery
 m - a ring of fire
Scrolls
 f - 5 scrolls of identify {unknown}
 j - a scroll of enchant weapon {unknown}
 l - a scroll of noise {unknown}
Potions
 g - a potion of might {unknown}
 h - a potion of ambrosia {unknown}
 i - 2 potions of curing {unknown}
 k - a potion of brilliance {unknown}
 o - a potion of lignification {unknown}


   Skills:
 + Level 2.8 Fighting
 + Level 3.3 Axes
 - Level 1.7 Throwing
 - Level 2.6 Dodging


You had 2 spell levels left.
You didn't know any spells.
Your spell library was empty.

Dungeon Overview and Level Annotations

Branches:
Dungeon (2/15)

Altars:

Shops:
D:1 *


Innate Abilities, Weirdness & Mutations

You are partially covered in yellow scales. (AC +2)
You sometimes gain a little power by taking damage.


Message History

The quokka is almost dead.
The quokka barely misses you. The quokka bites you.
You hit the quokka.
You kill the quokka!
No target in view!
You see here a quokka corpse.
Found a pair of gloves.
There is an escape hatch in the ceiling here.
A bat comes into view.
The bat misses you.
You slash the bat!
You kill the bat!
No target in view!
Found a stone staircase leading down.
Found a robe.
No target in view!
No target in view!
Found a stone staircase leading up.
No target in view!
No target in view!
o - an emerald potion No target in view!
Found a hand axe.
You see here a +0 robe.
Found a stone staircase leading down.
You see here a +0 hand axe.
There is a stone staircase leading up here.
You see here a bat skeleton.
Found 2 stones.
Found a club.
A giant cockroach comes into view.
The giant cockroach bites you.
You slash the giant cockroach!
You kill the giant cockroach!
You have reached level 3!
Your experience leads to an increase in your attributes!
Increase (S)trength, (I)ntelligence, or (D)exterity?
You feel clever. x2; Your demonic ancestry asserts itself...
You feel energised by your suffering.
Are you sure you want to abandon this character and quit the game? (Confirm with "yes".)

#.######..#.#
####........##.# ###
#....#########.###..#
#.##.# #.#....#
#.##.#########....#
##....##.........#.#
....##...######.##.#
.......####........#
#.###### #..$..@..#
..# #......†.# .##
#.......!# .#
#...)....# .#
#....(...# .#
#........# .#
#........# ##
#..^.....# .#


There were no monsters in sight!

Vanquished Creatures
  An adder (D:2)
  A dart slug (D:1)
  A ball python (D:1)
  4 bats
  2 endoplasms (D:1)
  A giant cockroach (D:2)
  2 goblins (D:1)
  A kobold (D:2)
  2 quokkas
  A rat (D:1)
16 creatures vanquished.

Notes
Turn   | Place    | Note
-------+----------+-------------------------------------------
     0 | D:1      | growler the Demonspawn Gladiator began the quest for the
                  | Orb.
     0 | D:1      | Reached XP level 1. HP: 16/16 MP: 1/1
   191 | D:1      | Found Niady's General Store.
   252 | D:1      | Reached skill level 3 in Axes
   292 | D:1      | Gained mutation: You are partially covered in yellow
                  | scales. (AC +2) [demonic ancestry]
   292 | D:1      | Reached XP level 2. HP: 23/23 MP: 2/2
   988 | D:2      | Gained mutation: You sometimes gain a little power by
                  | taking damage. [demonic ancestry]
   988 | D:2      | Reached XP level 3. HP: 26/28 MP: 3/3
   988 | D:2      | Quit the game

Illustrated notes

Levels and vault maps discovered:
D:1:      dpeg_arrival_long_road, layout_basic, serial_shops, shop
D:2:      layout_rooms, ebering_ecumenical_altar_webs

Skill      XL: |  1 |
---------------+----+-----
Axes           | 3 |  3.3
Fighting       | |  2.8
Throwing       | |  1.7
Dodging        | |  2.6

Action                     || total
---------------------------++-------
  Melee: War axe           ||    55
 Armour: Leather armour    ||    27
  Dodge: Dodged            ||    54
